 Dungeon Crawl Stone Soup version 0.23-a0-641-g0a7f1ce553 (webtiles) character file.

2258 HereIgoKillingAgain the Severer (level 9, -10/70 HPs)
             Began as a Hill Orc Fighter on Dec 29, 2018.
             Was an Initiate of the Shining One.
             Mangled by an orc warrior
             ... wielding a +0 mace
              (11 damage)
             ... on level 6 of the Dungeon on Dec 30, 2018.
             The game lasted 00:06:19 (4997 turns).

HereIgoKillingAgain the Severer (Hill Orc Fighter)  Turns: 4997, Time: 00:06:19

Health: -10/70     AC: 11    Str: 19    XL:     9   Next: 38%
Magic:  3/3        EV:  3    Int: 11    God:    the Shining One [......]
Gold:   254        SH:  9    Dex: 10    Spells: 8/8 levels left

rFire    . . .     SeeInvis +   t - +9 flail of Ytoallik {antimagic, +Fly rC- SInv Stlth+}
rCold    x . .     Gourm    .   c - +0 shield
rNeg     + . .     Faith    +   h - +0 plate armour
rPois    .         Spirit   .   (no helmet)
rElec    .         Reflect  .   (no cloak)
rCorr    .         Harm     .   (no gloves)
MR       .....                  (no boots)
Stlth    ..........             n - amulet of faith
HPRegen  0.21/turn              p - ring of positive energy
MPRegen  0.08/turn              (no ring)

@: glowing
A: no striking features
a: Renounce Religion, Evoke Flight


You were on level 6 of the Dungeon.
You worshipped the Shining One.
The Shining One was noncommittal.
You were not hungry.

You visited 1 branch of the dungeon, and saw 6 of its levels.

You collected 254 gold pieces.

Inventory:

Hand Weapons
 a - a +0 war axe
 t - the +9 flail of Ytoallik (weapon) {antimagic, +Fly rC- SInv Stlth+}
   (You found it on level 5 of the Dungeon)

   It reduces the magical energy of the wielder, and disrupts the spells and
   magical abilities of those hit.
   Natural abilities and divine invocations are not affected.
   It makes you vulnerable to cold.
   It lets you see invisible.
   It lets you fly.
   It makes you more stealthy.
Armour
 b - a +0 scale mail
 c - a +0 shield (worn)
 h - a +0 plate armour (worn)
Jewellery
 n - an amulet of faith (around neck)
 p - a ring of positive energy (left hand)
Scrolls
 e - 2 scrolls of teleportation
 l - a scroll of identify
 m - a scroll of fog
 o - 2 scrolls of remove curse
 q - a scroll of enchant armour
 r - 3 scrolls of magic mapping
 v - a scroll of enchant weapon
Potions
 g - 2 potions of curing
 j - 3 potions of brilliance
 k - a potion of degeneration
Comestibles
 f - 15 rations


   Skills:
 + Level 3.6 Fighting
 + Level 15.1 Axes
 + Level 3.2 Armour
 - Level 3.2 Shields
 * Level 0.0 Invocations


You had 8 spell levels left.
You didn't know any spells.
Your spell library was empty.

Dungeon Overview and Level Annotations

Branches:
Dungeon (6/15)
 Temple: D:4-7

Altars:
Trog
Xom
The Shining One


Message History

The quokka bites you but does no damage.
The ogre hits you with a +0 giant club!
The orc warrior hits you with a +0 mace!
The quokka bites you but does no damage.
An orc comes into view. It is wielding a +0 falchion.
The ogre hits you with a +0 giant club!!
* * * LOW HITPOINT WARNING * * *
What are your orders? t - Shout!
Orders for allies: a - Attack new target. r - Retreat! s - Stop attacking. g - Guard the area. f - Follow me.
Anything else - Cancel.
Okay, then.
Okay, then.
It was a potion of cancellation.
You feel magically purged.
The orc shouts!
You block the adder skeleton's attack. You block the quokka's attack.
The orc warrior hits you with a +0 mace!
You die...

**,,,***,* #####
*,,,,,**,****######...#
,,,,,,,,,,,,,.........######
*,,,,,******,#............<#
**,,,** *,#.#####.#####.# **,**
#,#.* #.# #># *,* #.#.###
#.#####.##### *,* #.....#
#...#.......#
***,*****###...r@#####.#.#.###.#
,,,,,,,*,......OZo.......#.# #.#
,,,,,*,*,#.....#o###.....#.# #.#
***,,,,,,#.....#o..........# #.#
*,**,*,#....,#.###.....### #.#
*>,,,,,##...*#.#*##...## #.#
****,,,*###**#.o,,##.#######.##
***,* #..*,,............
*,******#..,,**.##########


You could see an orc warrior, an ogre, an orc wizard, 2 orcs, a quokka and an
adder skeleton.

Vanquished Creatures
  Grinder (D:3)
  Sigmund (D:5)
  An ice beast (D:5)
  An orc warrior (D:6)
  2 ogres
  2 phantoms
  A centaur (D:6)
  A big kobold (D:6)
  Blork the orc (D:6)
  4 scorpions
  A bullfrog zombie (D:5)
  A quasit (D:6)
  2 jellies (D:6)
  5 orc wizards
  2 orc priests (D:6)
  3 hounds
  A bullfrog skeleton (D:4)
  Jessica (D:3)
  Natasha (thrice) (D:3)
  4 worker ants
  A worker ant zombie (D:5)
  8 gnolls
  A howler monkey skeleton (D:4)
  6 adders
  4 oozes
  An adder skeleton (D:4)
  3 worms
  4 dart slugs (D:1)
  4 leopard geckos
  24 orcs
  3 ball pythons
  6 giant cockroaches
  11 goblins
  2 hobgoblins
  6 jackals
  2 quokkas
  A ball python skeleton (D:4)
  9 bats
  11 frilled lizards
  A giant cockroach zombie (D:5)
  A jackal skeleton (D:4)
  10 kobolds
  A quokka skeleton (D:4)
  6 rats
164 creatures vanquished.

Vanquished Creatures (others)
  An orc wizard (D:6)
1 creature vanquished.

Grand Total: 165 creatures vanquished

Notes
Turn   | Place    | Note
-------+----------+-------------------------------------------
     0 | D:1      | HereIgoKillingAgain the Hill Orc Fighter began the quest
                  | for the Orb.
     0 | D:1      | Reached XP level 1. HP: 19/19 MP: 1/1
    52 | D:1      | Reached skill level 3 in Axes
   103 | D:1      | Reached XP level 2. HP: 22/26 MP: 2/2
   119 | D:1      | Reached skill level 4 in Axes
   406 | D:1      | Reached XP level 3. HP: 31/31 MP: 3/3
   559 | D:1      | Reached skill level 5 in Axes
   725 | D:2      | Reached XP level 4. HP: 25/39 MP: 4/4
   736 | D:2      | Reached skill level 6 in Axes
   999 | D:2      | Reached XP level 5. HP: 35/45 MP: 5/5
  1180 | D:2      | Found a glowing golden altar of the Shining One.
  1180 | D:2      | Found a shimmering altar of Xom.
  1180 | D:2      | Found a bloodstained altar of Trog.
  1253 | D:2      | Found a faded altar of an unknown god.
  1459 | D:3      | Reached skill level 7 in Axes
  1467 | D:3      | Noticed Jessica
  1478 | D:3      | Killed Jessica
  1700 | D:3      | Noticed Natasha
  1719 | D:3      | Killed Natasha
  1719 | D:3      | Reached skill level 8 in Axes
  1719 | D:3      | Reached XP level 6. HP: 33/51 MP: 6/6
  1734 | D:3      | Noticed Natasha
  1741 | D:3      | Killed Natasha
  1867 | D:3      | Noticed Grinder
  1868 | D:3      | Noticed Natasha
  1883 | D:3      | Killed Grinder
  1883 | D:3      | Reached skill level 9 in Axes
  1883 | D:3      | Reached XP level 7. HP: 11/57 MP: 7/7
  1887 | D:3      | Killed Natasha
  2358 | D:4      | Reached skill level 10 in Axes
  2682 | D:4      | Reached skill level 11 in Axes
  2943 | D:5      | Entered Level 5 of the Dungeon
  2952 | D:5      | Reached XP level 8. HP: 64/64 MP: 8/8
  3272 | D:5      | Reached skill level 12 in Axes
  3465 | D:5      | Got a translucent flail
  3466 | D:5      | Identified the +9 flail of Ytoallik {antimagic, +Fly rC-
                  | SInv Stlth+} (You found it on level 5 of the Dungeon)
  3704 | D:5      | Noticed Sigmund
  3712 | D:5      | Killed Sigmund
  3712 | D:5      | Reached skill level 13 in Axes
  4191 | D:6      | Reached skill level 14 in Axes
  4191 | D:6      | Reached XP level 9. HP: 67/70 MP: 3/9
  4502 | D:6      | Noticed Blork the orc
  4522 | D:6      | Killed Blork the orc
  4533 | D:6      | Reached skill level 15 in Axes
  4897 | D:2      | Became a worshipper of the Shining One
  4996 | D:6      | HP: 1/70 [ogre/+0 giant club (21)]
  4997 | D:6      | Mangled by an orc warrior

Vault maps used:
D:1:      saegor_arrival_simple_a
D:2:      gammafunk_temple_overflow_claw, chequers_ecumenical_altar_simple,
          minmay_between
D:3:      uniq_grinder, uniq_jessica, uniq_natasha
D:4:      first_ration
D:5:      uniq_sigmund
D:6:      fedhas_altar_decomposition, minmay_misc_feat_encased,
          uniq_blork_the_orc

Skill      XL: |  1  2  3  4  5  6  7  8  9 |
---------------+----------------------------+-----
Axes           | 3 4 5 6 8 9 11 14 15 | 15.1
Fighting       | |  3.6
Armour         | |  3.2
Shields        | |  3.2

Action                   |  1- 3 |  4- 6 |  7- 9 || total
-------------------------+-------+-------+-------++-------
Melee: War axe           |   102 |   182 |   188 ||   472
       Flail             |       |       |   130 ||   130
Evoke: Wand              |       |       |     1 ||     1
  Use: Potion            |       |     1 |     2 ||     3
       Scroll            |       |       |    11 ||    11
  Eat: Chunk             |       |     2 |     2 ||     4
       Ration            |       |     1 |     2 ||     3
Armor: Scale mail        |    22 |       |       ||    22
       Plate armour      |    29 |   117 |   154 ||   300
Dodge: Dodged            |    27 |    21 |    28 ||    76
Block: Shield            |    56 |    79 |   122 ||   257

Table legend:
 A = Non-vault XP
 B = Vault XP
 C = Vault XP percentage of total XP
 D = Non-vault monster count
 E = Vault monster count
 F = Vault count percentage of total count
                 A         B        C        D         E       F
            +---------+---------+-------+---------+---------+-------
      Total |    2569 |     657 |  20.4 |     156 |       9 |   5.5
            +---------+---------+-------+---------+---------+-------
        D:1 |      62 |       0 |   0.0 |      31 |       0 |   0.0
        D:2 |     119 |       6 |   4.8 |      19 |       4 |  17.4
        D:3 |     168 |     355 |  67.9 |      35 |       3 |   7.9
        D:4 |     510 |       0 |   0.0 |      20 |       0 |   0.0
        D:5 |     702 |     197 |  21.9 |      18 |       1 |   5.3
        D:6 |    1008 |      99 |   8.9 |      33 |       1 |   2.9
            +---------+---------+-------+---------+---------+-------
